 Dungeon Crawl Stone Soup version 0.31.0-32-g396128a36d (webtiles) character file.

Game seed: 1372533183621304545

49 one2free the Sneak (level 3, 0/21 HPs)
             Began as a Vampire Brigand on Mar 8, 2024.
             Slain by a hobgoblin (1 damage)
             ... on level 3 of the Dungeon.
             The game lasted 00:11:36 (1605 turns).

one2free the Sneak (Vampire Brigand)                Turns: 1605, Time: 00:11:37

Health: 0/21       AC:  6    Str: 10    XL:     3   Next: 51%
Magic:  3/3        EV: 12    Int: 13    God:
Gold:   85         SH:  0    Dex: 17    Spells: 2/2 levels left

rFire   . . .        q - +0 dagger (vamp)
rCold   + + .        (no shield)
rNeg    + + +        b - +0 robe
rPois   ∞            (no helmet)
rElec   .            c - +0 cloak
rCorr   .            h - +2 pair of gloves
SInv    +            (no boots)
Will    .....        (no amulet)
Stlth   +++++        (no ring)
HPRegen 0.00/turn    (no ring)
MPRegen 0.08/turn

%: no passive effects
@: lethally poisoned (0 -> 0), bloodless, inhibited regen
A: bloodless, fangs 3, see invisible, vampiric 2
a: Bat Form, Revivify


You were on level 3 of the Dungeon.
You visited 1 branch of the dungeon, and saw 3 of its levels.

You collected 200 gold pieces.
You spent 115 gold pieces at shops.

Inventory:

Hand Weapons
 a - a +2 dagger
 q - a +0 vampiric dagger (weapon)
Missiles
 d - 9 poisoned darts (quivered)
 e - 3 curare-tipped darts
Armour
 b - a +0 robe (worn)
 c - a +0 cloak (worn)
 f - a scarf of shadows
 h - a +2 pair of gloves (worn)
Jewellery
 l - an amulet of faith
Wands
 o - a wand of paralysis (3)
Scrolls
 i - 3 scrolls of identify {unknown}
 j - a scroll of torment {unknown}
 k - a scroll of fog {unknown}
 n - a scroll of teleportation {unknown}
 p - 2 scrolls of noise {unknown}
Potions
 g - a potion of brilliance {unknown}
 m - a potion of haste {unknown}


   Skills:
 - Level 1.7 Fighting
 + Level 3.1 Short Blades
 - Level 1.5 Throwing
 + Level 2.3 Dodging
 + Level 6.5 Stealth


You had 2 spell levels left.
You didn't know any spells.
Your spell library contained the following spells:

 Spells                   Type           Power      Damage    Failure   Level
 Volatile Blastmotes      Fire/Tloc      0%         2d10      67%         3
 Fulminant Prism          Conj/Alch      0%         3d5       97%         4
 Iskenderun's Mystic Bla  Conj/Tloc      0%         2d3       97%         4


Dungeon Overview and Level Annotations

Branches:
Dungeon (3/15)

Altars:
Kikubaaqudgha

Shops:
D:1 !   D:2 (


Innate Abilities, Weirdness & Mutations

You do not regenerate when monsters are visible.
You are frail without blood (-20% HP).
You can heal yourself when you bite living creatures.
You are immune to poison.
You have razor-sharp teeth.
You have supernaturally acute eyesight. (SInv)
You are afflicted with vampirism and can become a bat while bloodless.


Message History

You hit the ribbon worm but do no damage.
The ribbon worm is lightly wounded.
The quokka misses you. The hobgoblin closely misses you.
You hit the ribbon worm but do no damage.
The ribbon worm is lightly wounded.
The quokka bites you but does no damage.
The hobgoblin hits you but does no damage.
The ribbon worm bites you but does no damage.
You hit the ribbon worm.
You feel better.
You bite the ribbon worm, but do no damage.
The ribbon worm is moderately wounded.
The quokka bites you.
* * * LOW HITPOINT WARNING * * *
The hobgoblin hits you.
* * * LOW HITPOINT WARNING * * *
The ribbon worm bites you.
* * * LOW HITPOINT WARNING * * *
You hit the ribbon worm but do no damage.
The ribbon worm is lightly wounded.
The quokka misses you. The hobgoblin barely misses you.
You hit the ribbon worm.
You feel better.
You bite the ribbon worm.
The ribbon worm is heavily wounded.
The quokka bites you but does no damage.
The ribbon worm expels a string of sticky webbing.
The stream of webbing hits you but does no damage.
You are caught in a web!
The hobgoblin hits you but does no damage.
The quokka closely misses you.
The ribbon worm expels a string of sticky webbing.
The stream of webbing hits you but does no damage.
You are caught in a web!
The quokka bites you but does no damage.
The hobgoblin closely misses you. The quokka closely misses you.
The ribbon worm bites you.
* * * LOW HITPOINT WARNING * * *
The hobgoblin barely misses you.
You hit the ribbon worm.
The ribbon worm is heavily wounded.
The quokka misses you. The hobgoblin hits you.
You die...

##### #...#
###<#.# .
#######'###.# ..
#...........#
...#.......g####
...........)@.#
..[........r#w#
......†.......#
#gw........####
..w+######## ..


You could see a ribbon worm (catching breath), a quokka and a hobgoblin.

Vanquished Creatures
  2 adders
  An orc (D:2)
  2 bats (D:2)
  4 endoplasms
  3 hobgoblins
  5 kobolds
  A ball python (D:1)
  3 frilled lizards (D:2)
  4 goblins
  2 rats
27 creatures vanquished.

Notes
Turn   | Place    | Note
-------+----------+-------------------------------------------
     0 | D:1      | one2free the Vampire Brigand began the quest for the Orb.
     0 | D:1      | Reached XP level 1. HP: 16/16 MP: 1/1
    56 | D:1      | Found a faded altar of an unknown god.
   113 | D:1      | Found Qineasagg's Distillery.
   196 | D:1      | Reached skill level 6 in Stealth
   484 | D:1      | You fall into a shaft and drop 1 floor!
   511 | D:2      | Reached XP level 2. HP: 22/22 MP: 2/2
   779 | D:2      | Found Nyxyhil's Antique Weapon Shop.
   824 | D:2      | Gained mutation: You are afflicted with vampirism and can
                  | become a bat while bloodless. [Vampire growth]
   824 | D:2      | Reached XP level 3. HP: 27/27 MP: 3/3
   830 | D:2      | Found an ancient bone altar of Kikubaaqudgha.
  1340 | D:2      | Bought a glowing dagger for 115 gold pieces
  1604 | D:3      | HP: 1/21 [ribbon worm (3)]
  1605 | D:3      | Slain by a hobgoblin

Illustrated notes

Levels and vault maps discovered:
D:1:      dpeg_arrival_tiny_f, layout_basic, serial_shops,
          nicolae_shop_window_shopping, chequers_ecumenical_altar_grove
D:2:      minmay_evil_eye, layout_basic, basic_altar, serial_shops,
          nicolae_shop_pleasant_corner_grove
D:3:      layout_basic, minmay_starry_boxes

Skill      XL: |  1  2  3 |
---------------+----------+-----
Stealth        | 6 |  6.5
Dodging        | 2 |  2.3
Short Blades   | 3 |  3.1
Fighting       | |  1.7
Throwing       | |  1.5

Action                     || total
---------------------------++-------
  Melee: Dagger            ||    77
         Bite              ||     9
         Punch             ||     2
Ability: Exsanguinate      ||     1
   Stab: Sleeping          ||     7
 Armour: Robe              ||    69
  Dodge: Dodged            ||    74
